 Dungeon Crawl Stone Soup version 0.22-a0-467-g5c5de1c (webtiles) character file.

49 grizmgrazm2 the Changer (level 3, -2/26 HPs)
             Began as a Merfolk Transmuter on June 10, 2018.
             Slain by a gnoll
             ... wielding a +0 flail
              (12 damage)
             ... on level 2 of the Dungeon.
             The game lasted 00:04:21 (1117 turns).

grizmgrazm2 the Changer (Merfolk Transmuter)        Turns: 1117, Time: 00:04:22

Health: -2/26      AC:  4    Str: 10    XL:     3   Next: 75%
Magic:  5/6        EV: 13    Int: 12    God:
Gold:   54         SH:  0    Dex: 15    Spells: 5/6 levels left

rFire    . . .     SeeInvis .     - Unarmed
rCold    . . .     Gourm    .   (no shield)
rNeg     . . .     Faith    .   e - +0 leather armour
rPois    .         Spirit   .   (no helmet)
rElec    .         Reflect  .   (no cloak)
rCorr    .         Harm     .   f - +0 pair of gloves
MR       .....                  (no boots)
Stlth    ++........             g - amulet of regeneration
HPRegen  0.48/turn              (no ring)
MPRegen  0.10/turn              (no ring)

@: appendage (expiring)
A: change form in water, swift swim, stealthy swim, horns 2
a: End Transformation


You were on level 2 of the Dungeon.
You were not hungry.
You had grown temporary horns.
You visited 1 branch of the dungeon, and saw 2 of its levels.

You collected 54 gold pieces.

Inventory:

Missiles
 a - 46 arrows
Armour
 e - a +0 leather armour (worn)
 f - a +0 pair of gloves (worn)
Jewellery
 g - an amulet of regeneration (around neck)
 i - an uncursed ring of protection from fire {unknown}
 k - an uncursed ring of fire {unknown}
Scrolls
 b - 3 scrolls of teleportation {unknown}
 c - 2 scrolls of identify {unknown}
 h - a scroll of enchant armour {unknown}
Comestibles
 d - 4 rations
 j - a chunk of flesh


   Skills:
 - Level 1.1 Fighting
 + Level 3.2 Dodging
 + Level 1.2 Stealth
 + Level 3.6 Unarmed Combat
 + Level 2.3 Spellcasting
 * Level 3.7 Transmutations


You had 5 spell levels left.
You knew the following spells:

 Your Spells              Type           Power        Failure   Level  Hunger
a - Beastly Appendage     Tmut           ##....       8%          1    ##.....

Your spell library contained the following spells:

 Spells                   Type           Power        Failure   Level  Hunger
 Spider Form              Tmut/Pois      #.........   45%         3    ####...
 Blade Hands              Tmut           ##........   91%         5    ######.
 Ice Form                 Ice/Tmut       #.......     86%         4    #####..
 Sticks to Snakes         Tmut           ##......     12%         2    ###....


Dungeon Overview and Level Annotations

Branches:
Dungeon (2/15)

Altars:
Nemelex Xobeh


Innate Abilities, Weirdness & Mutations

You revert to your normal form in water.
You are very nimble and swift while swimming.
You are very stealthy in the water. (Stealth+)
You have a pair of horns on your head.


Message History

The gnoll shouts!
You hit the kobold.
The kobold is severely wounded.
The kobold barely misses you.
You hit the kobold but do no damage.
You headbutt the kobold, but do no damage.
The kobold is severely wounded.
Your transformation is almost over.
The kobold closely misses you.
You closely miss the kobold.
You kill the kobold!
You hit the gnoll but do no damage. The gnoll hits you with a flail.
You hit the gnoll but do no damage.
The gnoll hits you from afar with a spear!
You barely miss the gnoll. The gnoll barely misses you.
The gnoll hits you from afar with a spear.
You hit the gnoll.
The gnoll is heavily wounded.
The gnoll hits you with a flail!
You die...

## ### #.) .. #.## #.
#.##.##. ## #.##.... ..
########.#####.
####.#######...)..#...รท...
#....gggg@(.....#.#.....##
......#######.##.#.#.###.#
##.##.# #........# #.# ...#
#..###...###.# ...#
#............# #..#
##.##......### ##..#
#####....(.....# .g.
#.....##.......### #.#
#........(.....##.


You could see 4 gnolls.

Vanquished Creatures
  An ooze (D:1)
  A worm (D:2)
  4 dart slugs
  2 leopard geckos
  A giant cockroach (D:2)
  3 goblins (D:1)
  3 hobgoblins
  6 jackals
  2 bats (D:1)
  A frilled lizard (D:1)
  3 kobolds
  4 rats (D:1)
31 creatures vanquished.

Notes
Turn   | Place    | Note
-------+----------+-------------------------------------------
     0 | D:1      | grizmgrazm2 the Merfolk Transmuter began the quest for the Orb.
     0 | D:1      | Reached XP level 1. HP: 15/15 MP: 3/3
    48 | D:1      | Reached XP level 2. HP: 18/21 MP: 1/5
   461 | D:1      | Reached XP level 3. HP: 26/26 MP: 6/6
   589 | D:1      | Reached skill level 1 in Stealth
   848 | D:2      | Found a sparkling altar of Nemelex Xobeh.
  1117 | D:2      | Slain by a gnoll

Vault maps used:
D:1:      onia_arrival_mini_maze
D:2:      nemelex_xobeh_ov_fountains_minmay

Skill      XL: |  1  2  3 |
---------------+----------+-----
Transmutations | 3 |  3.7
Dodging        | 3 |  3.2
Stealth        | 1 |  1.2
Fighting       | |  1.1
Unarmed Combat | |  3.6
Spellcasting   | |  2.3

Action                   || total
-------------------------++-------
Melee: Unarmed           ||   129
       Headbutt          ||    22
 Cast: Beastly Appendage ||    17
  Use: Scroll            ||     1
 Stab: Sleeping          ||     2
  Eat: Chunk             ||     1
Armor: Leather armour    ||    21
Dodge: Dodged            ||    84

Table legend:
 A = Spawn XP
 B = Non-spawn XP
 C = Spawn XP percentage of total XP
 D = Spawn monster count
 E = Non-spawn monster count
 F = Spawn count percentage of total count
 G = Total turns spent on level
                    A         B        C        D         E        F      G
               +---------+---------+-------+---------+---------+-------+---------
         Total |       0 |      70 |   0.0 |       0 |      31 |   0.0 |  1117
               +---------+---------+-------+---------+---------+-------+---------
           D:1 |       0 |      49 |   0.0 |       0 |      23 |   0.0 |   927
           D:2 |       0 |      21 |   0.0 |       0 |       8 |   0.0 |   190
               +---------+---------+-------+---------+---------+-------+---------
